 Dungeon Crawl Stone Soup version 0.30-a0-989-g0d87f670db (webtiles) character file.

Game seed: 11700436987306758772

72 jtron the Trooper (level 4, -2/37 HPs)
             Began as a Demonspawn Berserker on Apr 3, 2023.
             Was a Believer of Trog.
             Slain by Terence
             ... wielding a +2 falchion of electrocution
              (16 damage)
             ... on level 3 of the Dungeon.
             The game lasted 00:02:51 (1535 turns).

jtron the Trooper (Demonspawn Berserker)            Turns: 1535, Time: 00:02:51

Health: -2/37      AC: 10    Str: 17    XL:     4   Next: 6%
Magic:  4/4        EV: 12    Int:  8    God:    Trog [**....]
Gold:   181        SH:  0    Dex: 15    Spells: 3/3 levels left

rFire   . . .      SeeInvis .    a - +0 falchion
rCold   . . .      Faith    .    (no shield)
rNeg    . . .      Spirit   .    l - +0 animal skin
rPois   .          Reflect  .    (helmet restricted)
rElec   .          Rampage  .    (no cloak)
rCorr   .                        (no gloves)
Will    .....                    (no boots)
Stlth   +                        (no amulet)
HPRegen 0.26/turn                d - +4 ring of protection
MPRegen 0.09/turn                j - +4 ring of protection

@: no status effects
A: antennae 2, hooves 1
a: Renounce Religion, Berserk, Trog's Hand


You were on level 3 of the Dungeon.
You worshipped Trog.
Trog was pleased with you.
You visited 1 branch of the dungeon, and saw 3 of its levels.

You collected 181 gold pieces.

Inventory:

Hand Weapons
 a - a +0 falchion (weapon)
 b - a +0 sling
Missiles
 g - 21 stones (quivered)
Armour
 l - a +0 animal skin (worn)
Jewellery
 d - a +4 ring of protection (left hand)
 j - a +4 ring of protection (right hand)
 n - a +4 ring of protection
Wands
 h - a wand of flame (18)
Scrolls
 e - a scroll of silence {unknown}
 k - a scroll of blinking
 o - a scroll of torment {unknown}
Potions
 c - a potion of might {unknown}
 f - 2 potions of curing
 i - a potion of attraction {unknown}
 m - 2 potions of flight


   Skills:
 + Level 3.7 Fighting
 + Level 3.5 Long Blades
 + Level 2.1 Armour
 + Level 2.1 Dodging


You had 3 spell levels left.
You didn't know any spells.
Your spell library was empty.

Dungeon Overview and Level Annotations

Branches:
Dungeon (3/15)

Altars:

Annotations:
D:3 Terence


Innate Abilities, Weirdness & Mutations

You have a pair of antennae on your head.
You have large cloven feet.


Message History

The puff of flame hits Terence but does no damage.
Terence is severely wounded.
Aiming: Throw Flame
Press: ? - help, Shift-Dir - straight line, f/p - Terence
Aim: Terence, wielding a +2 falchion of electrocution and wearing a +0 scale mail (severely wounded, 72% to hit)
The puff of flame misses Terence.
You closely miss Terence.
Terence is severely wounded.
Terence hits you with a +2 falchion of electrocution.
You hit Terence but do no damage.
Terence is severely wounded.
Terence screams, "I want your blood!" Terence closely misses you.
You completely miss Terence.
Terence is severely wounded.
Terence hits you with a +2 falchion of electrocution!
You hit Terence but do no damage. You kick Terence.
Terence is severely wounded.
Terence hits you with a +2 falchion of electrocution.
Terence closely misses you.
You hit Terence.
Terence is almost dead.
Terence shouts, "Now you die!" Terence closely misses you.
You hit Terence.
Terence is almost dead.
Terence hits you with a +2 falchion of electrocution.
You barely miss Terence.
Terence is almost dead.
Terence closely misses you.
Aiming: Throw Flame
Press: ? - help, Shift-Dir - straight line, f/p - Terence
Aim: Terence, wielding a +2 falchion of electrocution and wearing a +0 scale mail (almost dead, 72% to hit)
The puff of flame hits Terence but does no damage.
Terence is almost dead.
Terence hits you with a +2 falchion of electrocution.
You hit Terence but do no damage. You kick Terence, but do no damage.
Terence is almost dead.
Terence hits you but does no damage.
You are electrocuted!
You die...

......
..............#
.....
####....####.#
....#### #....# ..#
......# #....## #.#
..$..###.....####..
..................
#...###.......###
#@..# #..).8.##
#@..# #.....##
#####...###....##
..............##
#############.# #.+
#.# .#


You could see Terence.

Vanquished Creatures
  A gnoll (D:1)
  2 adders
  2 worms (D:3)
  2 dart slugs
  2 ball pythons
  An endoplasm (D:3)
  7 goblins
  4 hobgoblins
  2 quokkas (D:1)
  5 bats
  A frilled lizard (D:1)
  3 kobolds (D:1)
  4 rats
36 creatures vanquished.

Notes
Turn   | Place    | Note
-------+----------+-------------------------------------------
     0 | D:1      | jtron the Demonspawn Berserker began the quest for the Orb.
     0 | D:1      | Reached XP level 1. HP: 18/18 MP: 1/1
    98 | D:1      | Discovered your monstrous ancestry.
    98 | D:1      | Gained mutation: You have large cloven feet. [demonic
                  | ancestry]
    98 | D:1      | Reached XP level 2. HP: 15/24 MP: 2/2
   719 | D:1      | Gained mutation: You have a pair of small antennae on your
                  | head. [demonic ancestry]
   719 | D:1      | Reached XP level 3. HP: 27/29 MP: 3/3
  1311 | D:3      | Reached ** piety under Trog
  1414 | D:3      | Gained mutation: You have a pair of antennae on your head.
                  | [demonic ancestry]
  1414 | D:3      | Reached XP level 4. HP: 29/37 MP: 4/4
  1520 | D:3      | Noticed Terence
  1535 | D:3      | Slain by Terence

Illustrated notes

Levels and vault maps discovered:
D:1:      minmay_arrival_four_loops, layout_loops_cross
D:2:      layout_basic
D:3:      layout_basic, nicolae_overflow_ecumenical_swirl,
          lightli_corner_chamber, uniq_crazy_yiuf_cottage, uniq_natasha,
          uniq_terence

Skill      XL: |  1  2  3 |
---------------+----------+-----
Long Blades    | 3 |  3.5
Armour         | 2 |  2.1
Dodging        | 2 |  2.1
Fighting       | |  3.7

Action                     |  1- 3 |  4- 6 || total
---------------------------+-------+-------++-------
  Melee: Falchion          |   103 |    10 ||   113
         Kick              |    23 |     2 ||    25
         Punch             |     1 |       ||     1
  Evoke: Wand              |       |     6 ||     6
    Use: Scroll            |     1 |     2 ||     3
 Armour: Animal skin       |    41 |     2 ||    43
  Dodge: Dodged            |    68 |     5 ||    73

Table legend: (Time is in decaauts)
 A = Elapsed time spent in this place.
 B = Non-inter-level travel time spent in this place.
 C = Inter-level travel time spent in this place.
 D = Time resting spent in this place.
 E = Time spent auto-exploring this place.
 F = Levels seen in this place.
 G = Mean time per level.
                   A        B        C        D        E       F      G
               +--------+--------+--------+--------+--------+-----+--------+
         Total |   1549 |   1505 |     44 |      0 |   1201 |   3 |  516.3 |
       Dungeon |   1549 |   1505 |     44 |      0 |   1201 |   3 |  516.3 |
               +--------+--------+--------+--------+--------+-----+--------+

Top non-repeatable levels by time:
     D:1: 877 daAuts
     D:2: 345 daAuts
     D:3: 327 daAuts
